Map: Bamboozle LE

Players

SLicKcHeeZEE - Winner!

  • Race: Zerg Zerg
  • League: Bronze

A.I. 1 (Harder)

  • Race: Terran Terran

VOD

Have the link to the VOD?

Description

Time

  • Played on: Oct. 1, 2026, 6:49 p.m.
  • Length: 11:10
Show
View Real Time Build Order
Export as new Build Order

SLicKcHeeZEE Zerg - Winner!

Build Orders: Hatch First, Roach Hydra 

Get SALT Encoding   

  8  0:00  Drone  
  9  0:11  Drone  
  10  0:17  Drone  
  11  0:27  Overlord  
  11  0:34  Drone  
  12  0:45  Drone  
  12  0:46  Drone  
  14  0:51  Drone  
  15  1:15  Hatchery  
  14  1:19  Drone  
  14  1:23  Drone  
  16  1:30  Drone  
  17  1:44  Spawning Pool  
  16  1:47  Drone  
  16  1:50  Extractor  
  16  1:52  Drone  
  17  1:55  Drone  
  17  2:01  Drone  
  19  2:10  Overlord  
  19  2:31  Queen  
  19  2:32  Queen  
  19  2:35  Zergling x2  
  24  2:38  Drone x2  
  24  2:42  Drone  
  27  2:45  Drone  
  27  2:48  Extractor  
  27  2:54  Overlord  
  27  3:04  Roach Warren  
  26  3:12  Lair  
  26  3:16  Drone  
  26  3:18  Drone  
  28  3:21  Drone  
  28  3:44  Roach x3  
  28  3:45  Roach  
  28  3:46  Overlord  
  36  4:00  Queen  
  38  4:10  Hydralisk Den, Overlord  
  37  4:20  Drone x3  
  37  4:21  Drone  
  37  4:22  Drone  
  42  4:39  Hydralisk x3  
  42  4:43  Hydralisk  
  50  4:57  Glial Reconstitution  
  50  5:02  Extractor, Drone x3  
  50  5:04  Drone  
  50  5:06  Drone  
  54  5:16  Grooved Spines  
  54  5:30  Evolution Chamber  
  54  5:33  Evolution Chamber  
  52  5:47  Drone x3  
  52  5:49  Hatchery  
  54  5:55  Overlord x2  
  54  5:58  Zerg Missile Weapons Level 1  
  54  5:59  Zerg Ground Armor Level 1  
  54  6:04  Extractor  
  54  6:05  Drone  
  54  6:06  Drone, Muscular Augments  
  55  6:18  Roach  
  55  6:19  Roach, Hydralisk  
  55  6:21  Hydralisk  
  63  6:26  Roach  
  63  6:29  Hydralisk  
  67  6:34  Drone x2  
  67  6:37  Drone  
  70  6:44  Overlord  
  56  7:30  Hydralisk x5  
  56  7:31  Hydralisk x2  
  56  7:32  Hydralisk x3  
  56  7:33  Hydralisk  
  56  7:36  Overlord  
  78  7:44  Queen  
  78  7:47  Drone x2  
  82  7:53  Drone  
  82  7:57  Overlord  
  83  8:07  Overlord x2  
  83  8:18  Roach x3  
  83  8:19  Roach x2  
  93  8:27  Overlord  
  93  8:31  Drone x3  
  96  8:45  Zergling x8  
  100  9:11  Roach x5  
  100  9:12  Roach x6  
Show
View Real Time Build Order
Export as new Build Order

A.I. 1 (Harder) Terran 

Build Orders:  

Get SALT Encoding   

  8  0:00  SCV  
  9  0:13  SCV  
  10  0:25  SCV  
  11  0:37  SCV  
  12  0:46  Supply Depot  
  12  0:49  SCV  
  13  1:07  SCV  
  13  1:09  Barracks  
  14  1:19  SCV  
  14  1:21  Refinery  
  15  1:32  SCV  
  16  1:44  SCV  
  17  1:56  SCV  
  17  1:57  Supply Depot  
  17  1:58  Marine  
  19  2:08  SCV  
  20  2:14  Barracks  
  20  2:16  Marine  
  20  2:20  SCV  
  22  2:28  Refinery  
  22  2:34  Orbital Command  
  22  2:35  Barracks Tech Lab  
  22  2:43  Supply Depot  
  22  2:51  Factory  
  22  2:55  Marauder  
  24  3:05  Marine  
  25  3:16  Marauder  
  27  3:27  Supply Depot  
  27  3:35  Marine  
  28  3:43  Marine  
  29  3:53  Marine  
  30  4:01  Supply Depot  
  30  4:02  Marauder  
  34  4:10  Hellion  
  34  4:23  Marauder  
  36  4:30  SCV  
  39  4:31  Hellion  
  39  4:38  Supply Depot  
  39  4:42  SCV  
  42  4:52  Engineering Bay  
  42  4:53  Hellion  
  42  4:54  SCV  
  43  5:06  SCV  
  46  5:14  Hellion  
  46  5:18  SCV  
  47  5:30  SCV  
  50  5:35  Hellion  
  52  5:57  Hellion  
  52  6:17  Barracks Tech Lab, Marine  
  52  6:18  Stimpack, Terran Infantry Weapons Level 1, Hellion  
  55  6:19  Factory  
  55  6:23  Starport  
  55  6:27  Starport, Command Center  
  55  6:29  Supply Depot  
  55  6:35  Combat Shield, Marine, Reaper  
  55  6:39  Factory Tech Lab  
  57  6:53  Marine  
  58  6:58  Supply Depot  
  58  7:01  Starport Tech Lab  
  58  7:03  Factory Tech Lab  
  58  7:04  Starport Tech Lab  
  58  7:09  Marine  
  58  7:11  Marauder  
  37  7:28  Marauder  
  39  7:32  Marauder  
  41  7:43  SCV x2  
  43  7:48  Marine  
  43  7:49  Refinery  
  44  7:53  Marine  
  44  7:54  Concussive Shells  
  44  7:55  SCV  
  44  7:58  SCV  
  47  8:06  Marine  
  47  8:07  SCV  
  47  8:10  SCV  
  47  8:12  Marauder, Terran Infantry Armor Level 1  
  53  8:20  SCV  
  53  8:24  SCV, Marine  
  55  8:32  SCV, Marine  
  57  8:36  SCV  
  57  8:37  Ghost Academy  
  58  8:42  Marauder  
  58  8:45  SCV  
  58  8:48  SCV  
  62  8:50  Marine  
  63  8:56  Raven  
  63  8:57  SCV  
  63  9:00  SCV  
  67  9:03  Reaper  
  67  9:04  Raven  
  67  9:08  Marine  
  67  9:09  SCV  
  72  9:10  Missile Turret  
  72  9:13  Supply Depot  
  72  9:15  SCV  
  68  9:21  SCV  
  58  9:26  Marine  
  58  9:27  SCV  
  51  9:34  SCV  
  51  9:37  Marine  
  53  9:39  SCV  
  53  9:42  Viking  
  53  9:44  Marine  
  49  9:45  Viking  
  49  9:52  Hellion  
  47  9:55  Marine  
  47  9:58  Hellion  
  50  10:02  Marauder  
  50  10:03  SCV  
  51  10:12  Viking  
  51  10:13  Marine, Hellion  
  51  10:23  Marine  
  46  10:31  Marine  
  46  10:33  Viking  
  44  10:41  Marine  
  42  10:45  Hellion  
  34  10:50  SCV  
Tags
 
Composition
Roach Hydra
League
Bronze
Matchup
TvZ
Add a new tag
Caveats
  • Supply blocks, unpowered buildings, or Contaminate may cause inaccurate times.
  • Supply counts are checked every 10 seconds.